 Dungeon Crawl Stone Soup version 0.29-a0-330-g52719c12eb (webtiles) character file.

Game seed: 11918997528061803149

704 Maratek the Slasher (level 7, 0/55 HPs)
             Began as a Human Cinder Acolyte on May 13, 2022.
             Was an Initiate of Ignis.
             Slain by an orc
             ... wielding a +2 morningstar of protection
              (3 damage)
             ... on level 6 of the Dungeon.
             The game lasted 00:14:08 (2525 turns).

Maratek the Slasher (Human Cinder Acolyte)          Turns: 2525, Time: 00:14:09

Health: 0/55       AC:  3    Str: 15    XL:     7   Next: 99%
Magic:  9/9        EV: 12    Int: 16    God:    Ignis [......]
Gold:   156        SH:  0    Dex:  8    Spells: 5/9 levels left

rFire   + . .      SeeInvis .   a - -1 falchion (flame)
rCold   . . .      Faith    .   (no shield)
rNeg    + . .      Spirit   .   b - +1 robe
rPois   .          Reflect  .   (no helmet)
rElec   .          Harm     .   (no cloak)
rCorr   .          Rampage  .   (no gloves)
Will    .....                   (no boots)
Stlth   +.........              (no amulet)
HPRegen 0.18/turn               f - ring of positive energy
MPRegen 0.11/turn               e - ring of wizardry

@: no status effects
A: no striking features
a: Renounce Religion


You were on level 6 of the Dungeon.
You worshipped Ignis.
Ignis was noncommittal.
You visited 1 branch of the dungeon, and saw 5 of its levels.

You collected 156 gold pieces.

Inventory:

Hand Weapons
 a - a -1 falchion of flaming (weapon)
Armour
 b - a +1 robe (worn)
Jewellery
 e - a ring of wizardry (right hand)
 f - a ring of positive energy (left hand)
Wands
 g - a wand of polymorph (9)
Scrolls
 c - a scroll of amnesia (quivered)
 i - a scroll of blinking
 l - a scroll of identify
Potions
 d - a potion of might {unknown}
 h - a potion of flight


   Skills:
 + Level 4.9 Fighting
 + Level 6.0 Long Blades
 + Level 2.6 Dodging
 + Level 1.1 Stealth
 + Level 1.7 Spellcasting
 + Level 4.3 Fire Magic


You had 5 spell levels left.
You knew the following spells:

 Your Spells              Type           Power      Damage    Failure   Level
a - Scorch                Fire           30%        2d7       2%          2
b - Searing Ray           Conj           2%         2d4       13%         2

Your spell library contained the following spells:

 Spells                   Type           Power      Damage    Failure   Level
 Animate Skeleton         Necr           2%         N/A       9%          1
 Magic Dart               Conj           4%         1d3       9%          1
 Pain                     Necr           4%         1d4       9%          1
 Summon Small Mammal      Summ           4%         N/A       9%          1
 Call Canine Familiar     Summ           1%         N/A       26%         3
 Summon Guardian Golem    Hex/Summ       1%         N/A       26%         3
 Vampiric Draining        Necr           1%         2d6       26%         3
 Fulminant Prism          Conj/Hex       0%         3d6       61%         4


Dungeon Overview and Level Annotations

Branches:
Dungeon (4/15)             Temple (0/1) D:4

Altars:
Fedhas
Gozag
Qazlal
Trog
Uskayaw

Shops:
D:6 [*(


Message History

The orc wizard hits you with a +0 dagger.
You slash the orc wizard! You burn the orc wizard.
The orc wizard is severely wounded.
The orc wizard barely misses you.
You hit the orc wizard. You burn the orc wizard.
You kill the orc wizard!
The orc warrior hits you with a +0 short sword.
The orc priest hits you with a +0 dagger.
Your Long Blades skill increases to level 6!
You hit the orc priest. You burn the orc priest.
The orc priest is moderately wounded.
The orc warrior barely misses you.
The orc priest hits you with a +0 dagger.
You completely miss the orc priest.
The orc priest is moderately wounded.
The orc warrior closely misses you.
You closely miss the orc priest.
The orc priest is moderately wounded.
The orc warrior hits you with a +0 short sword!
The orc priest hits you with a +0 dagger.
You are too injured to fight recklessly!
You are too injured to fight recklessly!
You are too injured to fight recklessly!
You are too injured to fight recklessly!
You barely miss the orc priest.
The orc priest is moderately wounded.
The orc hits you but does no damage. The orc warrior barely misses you.
The orc priest closely misses you.
You hit the orc priest. You burn the orc priest.
The orc priest is severely wounded.
The orc hits you with a +2 morningstar of protection.
The orc warrior hits you with a +0 short sword.
The orc priest hits you with a +0 dagger.
* * * LOW HITPOINT WARNING * * *
You hit the orc priest. You burn the orc priest.
You kill the orc priest!
The orc warrior hits you with a +0 short sword!
* * * LOW HITPOINT WARNING * * *
The orc hits you with a +2 morningstar of protection.
You die...

..####### ##.#
.##......∩. .o∩.
..........####.#
.......#.....#.#
#...........#'##
#....#..# ... #
#..#..##o#..#
####.....o@).# #
####.......###...#
..##.....#.##.#
#.....#
...........##...
#.##..
...........####..
.# # ......∩....#
#... .
..)........######..
#
...................
...................


You could see an orc warrior and an orc.

Vanquished Creatures
  Grinder (D:3)
  Sigmund (D:2)
  An ogre (D:4)
  A scorpion (D:4)
  An orc priest (D:6)
  A hound (D:4)
  Jessica (D:3)
  An iguana (D:4)
  An orc wizard (D:6)
  4 adders
  A worm (D:2)
  3 orcs
  4 endoplasms
  4 giant cockroaches
  4 goblins
  3 hobgoblins
  3 jackals (D:2)
  3 quokkas (D:4)
  4 ball pythons
  4 bats
  2 frilled lizards (D:1)
  4 kobolds
  2 rats
54 creatures vanquished.

Vanquished Creatures (others)
  22 foxfires
22 creatures vanquished.

Grand Total: 76 creatures vanquished

Notes
Turn   | Place    | Note
-------+----------+-------------------------------------------
     0 | D:1      | Maratek the Human Cinder Acolyte began the quest for the
                  | Orb.
     0 | D:1      | Reached XP level 1. HP: 18/18 MP: 2/2
   186 | D:1      | Reached XP level 2. HP: 21/24 MP: 3/3
   413 | D:2      | Noticed Sigmund
   521 | D:3      | Reached XP level 3. HP: 29/29 MP: 4/4
   619 | D:2      | Killed Sigmund
   620 | D:2      | Reached skill level 4 in Long Blades
   620 | D:2      | Reached XP level 4. HP: 34/37 MP: 5/5
   620 | D:2      | Reached XP level 5. HP: 38/42 MP: 6/6
   660 | D:2      | Reached XP level 6. HP: 48/48 MP: 7/7
  1162 | D:3      | Reached skill level 1 in Dodging
  1197 | D:3      | Noticed Jessica
  1206 | D:3      | Killed Jessica
  1294 | D:3      | Learned a level 2 spell: Scorch
  1297 | D:3      | Learned a level 2 spell: Searing Ray
  1323 | D:3      | Noticed Grinder
  1332 | D:3      | Paralysed by Grinder for 2 turns
  1349 | D:3      | Killed Grinder
  1350 | D:3      | Reached skill level 5 in Long Blades
  1350 | D:3      | Reached XP level 7. HP: 25/55 MP: 8/8
  1772 | D:3      | Found a blossoming altar of Fedhas.
  1774 | D:3      | Found an opulent altar of Gozag.
  1776 | D:3      | Found a stormy altar of Qazlal.
  1778 | D:3      | Found a bloodstained altar of Trog.
  1779 | D:3      | Found a hide-covered altar of Uskayaw.
  1977 | D:4      | Reached skill level 1 in Stealth
  2192 | D:4      | Found a staircase to the Ecumenical Temple.
  2491 | D:4      | Identified the +8 trident of Qureat {venom, Contam rC+++
                  | Str+7 Int-5}
  2492 | D:4      | You fall into a shaft and drop 2 floors!
  2494 | D:6      | Found Dilig's Antique Armour Shop.
  2507 | D:6      | Found Pin Deypp's General Store.
  2509 | D:6      | Found Isilluq's Antique Weapon Shoppe.
  2520 | D:6      | Reached skill level 6 in Long Blades
  2525 | D:6      | Slain by an orc

Illustrated notes

Levels and vault maps discovered:
D:1:      arrival_zaba_pyramid, layout_basic,
          dreamdust_ecumenical_altar_drowned_temple, minmay_crystal_room
D:2:      layout_loops_cross, chequers_mini_garden, grunt_ministairs_15,
          skrybe_limestone_x, amcnicky_mini_rare_corridor_liquid,
          kennysheep_cross_bottleneck, minmay_pentomino_v2, uniq_sigmund
D:3:      layout_rooms, grunt_temple_overflow_open, uniq_jessica, uniq_grinder
D:4:      minmay_diamond_boxcup, layout_loops_ring,
          minmay_temple_entry_stoned_glass, serial_shops, kennysheep_mini,
          gammafunk_ghost_gnarly_gnolls
D:6:      layout_rooms, serial_shops, nicolae_shop_stone, shop,
          nicolae_shop_hallway_plus, shop, uniq_eustachio, uniq_duvessa

Skill      XL: |  1  2  3  4  5  6  7 |
---------------+----------------------+-----
Fighting       | 4 |  4.9
Long Blades    | 4 5 6 |  6.0
Dodging        | 2 |  2.6
Fire Magic     | 4 |  4.3
Stealth        | 1 |  1.1
Spellcasting   | |  1.7

Action                   |  1- 3 |  4- 6 |  7- 9 || total
-------------------------+-------+-------+-------++-------
Melee: Falchion          |    38 |    53 |    90 ||   181
       Punch             |     1 |     1 |     2 ||     4
 Cast: Scorch            |       |       |     4 ||     4
       Searing Ray       |       |       |     2 ||     2
Invok: Fiery Armour      |     5 |     3 |     2 ||    10
       Foxfire Swarm     |     2 |       |       ||     2
       Rising Flame      |     1 |       |       ||     1
  Use: Scroll            |       |     3 |     5 ||     8
       Potion            |       |     1 |     4 ||     5
 Stab: Sleeping          |       |       |     1 ||     1
Armor: Robe              |    14 |    16 |    28 ||    58
Dodge: Dodged            |    37 |    30 |    67 ||   134

Table legend: (Time is in decaauts)
 A = Elapsed time spent in this place.
 B = Non-inter-level travel time spent in this place.
 C = Inter-level travel time spent in this place.
 D = Time resting spent in this place.
 E = Time spent auto-exploring this place.
 F = Levels seen in this place.
 G = Mean time per level.
                   A        B        C        D        E       F      G
               +--------+--------+--------+--------+--------+-----+--------+
         Total |   2533 |   2533 |      0 |     36 |   1545 |   5 |  506.6 |
       Dungeon |   2533 |   2533 |      0 |     36 |   1545 |   5 |  506.6 |
               +--------+--------+--------+--------+--------+-----+--------+

Top non-repeatable levels by time:
     D:3: 827 daAuts
     D:2: 722 daAuts
     D:4: 618 daAuts
     D:1: 332 daAuts
     D:6: 32 daAuts
